 Dungeon Crawl Stone Soup version 0.22-b1-21-g5cfc168 (webtiles) character file.

5665 tyranidshit the Fighter (level 10, -4/83 HPs)
             Began as a Demonspawn Abyssal Knight on Aug 3, 2018.
             Was a High Priest of Lugonu.
             Slain by a killer bee (6 damage)
             ... on level 9 of the Dungeon.
             The game lasted 00:22:05 (7383 turns).

tyranidshit the Fighter (Demonspawn Abyssal Knight) Turns: 7383, Time: 00:22:06

Health: -4/83      AC: 24    Str: 24    XL:     10   Next: 47%
Magic:  16/16      EV: 12    Int: 14    God:    Lugonu [*****.]
Gold:   449        SH:  5    Dex: 18    Spells: 9/9 levels left

rFire    . . .     SeeInvis .   a - +2 hand axe
rCold    . . .     Gourm    .   l - +0 buckler
rNeg     . . .     Faith    .   t - +0 plate armour
rPois    .         Spirit   .   (no helmet)
rElec    .         Reflect  .   (no cloak)
rCorr    .         Harm     .   (no gloves)
MR       .....                  (boots unavailable)
Stlth    ..........             j - amulet of rage
HPRegen  0.23/turn              k - ring of stealth
MPRegen  0.15/turn              (no ring)

@: mighty, agile, lethally poisoned (-4 -> -18), sanguine armour, hasted, very
quick
A: hooves 3, nightstalker 1, strong 2, sanguine armour 3
a: Depart the Abyss, Bend Space, Banish, Corrupt, Enter the Abyss, Renounce
Religion, Evoke Berserk Rage


You were on level 9 of the Dungeon.
You worshipped Lugonu.
Lugonu was extremely pleased with you.
You were not hungry.

You visited 1 branch of the dungeon, and saw 9 of its levels.
You visited the Abyss 1 time.

You collected 449 gold pieces.

Inventory:

Hand Weapons
 a - a +2 hand axe (weapon)
Armour
 i - a +1 chain mail
 l - a +0 buckler (worn)
 t - a +0 plate armour (worn)
Jewellery
 e - an uncursed ring of ice
 j - an amulet of rage (around neck)
 k - a ring of stealth (left hand)
Wands
 m - a wand of polymorph (4)
 o - a wand of disintegration (4)
 s - a wand of paralysis (11)
 v - a wand of digging (15)
Scrolls
 d - 7 scrolls of remove curse
 g - 3 scrolls of amnesia
 q - 4 scrolls of identify
 r - a scroll of enchant weapon
Potions
 h - a potion of brilliance
 p - 2 potions of flight
 u - a potion of magic
Comestibles
 c - 11 rations


   Skills:
 + Level 9.4 Fighting
 + Level 4.5 Axes
 - Level 5.7 Armour
 - Level 0.8 Dodging
 - Level 4.1 Shields
 - Level 9.1 Invocations
 - Level 6.6 Evocations


You had 9 spell levels left.
You didn't know any spells.
Your spell library contained the following spells:

 Spells                   Type           Power        Failure   Level  Hunger
 Confuse                  Hex            #.......     100%        3    ####...
 Stone Arrow              Conj/Erth      #.....       100%        3    ####...
 Confusing Touch          Hex            #.....       99%         1    ##.....
 Passwall                 Tmut/Erth      #.......     100%        2    ###....
 Metabolic Englaciation   Hex/Ice        #.........   100%        5    ######.
 Lee's Rapid Deconstruct  Erth           #.........   100%        5    ######.
 Sandblast                Erth           #.....       99%         1    ##.....
 Petrify                  Tmut/Erth      #.......     100%        4    #####..
 Gell's Gravitas          Tloc           #.........   100%        3    ####...
 Yara's Violent Unravell  Hex/Tmut       #.........   100%        5    ######.


Dungeon Overview and Level Annotations

Branches:
Dungeon (9/15)             Temple (0/1) D:7
   Lair: D:8-11         Orc: D:9-12

Altars:
Ashenzari
Elyvilon
Fedhas
Nemelex Xobeh
Wu Jian
Xom

Shops:
D:9 **!**


Innate Abilities, Weirdness & Mutations

You have hooves in place of feet.
You are slightly more attuned to the shadows.
When seriously injured, your bleeding wounds create very thick armour. (AC +12)
Your muscles are very strong. (Str +4)


Message History

The killer bee stings you but does no damage.
You block the scorpion's attack.
You closely miss the killer bee. Your kick misses the killer bee.
The killer bee is lightly wounded.
Your plate armour prevents you from hitting the scorpion.
You feel sick. The killer bee stings you.
* * * LOW HITPOINT WARNING * * *
You are more poisoned.
The killer bee poisons you!
Okay, then.
Okay, then.
You hit the scorpion. You kick the scorpion.
You kill the scorpion!
Lugonu accepts your kill.
You can now gate yourself to the Abyss.
You hit the killer bee.
* * * LOW HITPOINT WARNING * * *
You feel sick.
The killer bee stings you but does no damage.
The killer bee stings you.
You die...

...... . y#
#.# #####+ #.
<# #.# #.# .#
#.# #..####.#
#.# #.......#
#.# #.##y####
#.# #y# #.# #
#y# #.# +.
#@# #.#
#..#.## #†#
#.....# #.#
#..##.# #.#
#.###.#####.#
#...........#
#..##########
#. ..


You could see 3 killer bees.

Vanquished Creatures
  A two-headed ogre (D:9)
  Grinder (D:4)
  4 yaks (D:9)
  2 hungry ghosts
  Duvessa (D:7)
  A sky beast (D:8)
  An ice beast (D:6)
  5 orc warriors
  4 phantoms
  4 centaurs
  5 ogres
  A big kobold (D:7)
  2 bullfrogs
  A wyvern zombie (D:8)
  A gnoll sergeant (D:8)
  A water moccasin zombie (D:5)
  3 scorpions
  Dowan (D:7)
  The ghost of tyranidshit the Skirmisher, a weakling DsAK of Lugonu (D:3)
  4 wights (D:9)
  A howler monkey (D:8)
  2 centaur zombies
  2 crimson imps (D:8)
  5 orc priests
  2 centaur skeletons (D:5)
  6 hounds
  3 jellies
  3 orc wizards
  A bullfrog skeleton (D:5)
  2 iguanas
  Natasha (twice) (D:3)
  7 worker ants
  A killer bee zombie (D:9)
  A hound zombie (D:5)
  A hound skeleton (D:5)
  5 adders
  11 gnolls
  2 shadow imps
  2 worms (D:3)
  3 dart slugs
  3 leopard geckos
  33 orcs
  4 giant cockroaches
  8 hobgoblins
  9 jackals
  2 quokkas
  A ball python (D:4)
  6 bats
  3 frilled lizards
  9 goblins
  A jackal zombie (D:6)
  13 kobolds
  A leopard gecko zombie (D:6)
  6 rats
205 creatures vanquished.

Notes
Turn   | Place    | Note
-------+----------+-------------------------------------------
     0 | Abyss:1  | tyranidshit the Demonspawn Abyssal Knight began the quest for the Orb.
     0 | Abyss:1  | Reached XP level 1. HP: 18/18 MP: 2/2
    58 | Abyss:1  | Noticed a starcursed mass
    59 | D:1      | Escaped the Abyss
   398 | D:1      | Gained mutation: When seriously injured, your bleeding wounds create armour. (AC +12) [demonic ancestry]
   398 | D:1      | Reached XP level 2. HP: 22/24 MP: 3/3
  1009 | D:2      | Gained mutation: You have large cloven feet. [demonic ancestry]
  1009 | D:2      | Reached XP level 3. HP: 28/30 MP: 4/4
  1073 | D:2      | Found a sparkling altar of Nemelex Xobeh.
  1356 | D:2      | Reached * piety under Lugonu
  1412 | D:2      | Found a blossoming altar of Fedhas.
  1661 | D:3      | Found a shimmering altar of Xom.
  1690 | D:3      | Noticed Natasha
  1700 | D:3      | Killed Natasha
  1700 | D:3      | Reached skill level 5 in Fighting
  1700 | D:3      | Reached XP level 4. HP: 19/39 MP: 5/5
  1721 | D:3      | Found a runed door.
  1721 | D:3      | Noticed tyranidshit's ghost (weakling DsAK)
  1759 | D:3      | Killed tyranidshit's ghost
  1819 | D:3      | Noticed Natasha
  1829 | D:3      | Killed Natasha
  1829 | D:3      | Gained mutation: You are slightly more attuned to the shadows. [demonic ancestry]
  1829 | D:3      | Reached XP level 5. HP: 30/46 MP: 6/6
  2166 | D:3      | Gained mutation: Your muscles are strong. (Str +2) [potion of mutation]
  2166 | D:3      | Gained mutation: Your muscles are very strong. (Str +4) [potion of mutation]
  2340 | D:4      | Noticed an ogre
  2346 | D:4      | Killed an ogre
  2346 | D:4      | Gained mutation: When seriously injured, your bleeding wounds create thick armour. (AC +12) [demonic ancestry]
  2346 | D:4      | Reached XP level 6. HP: 37/52 MP: 7/7
  2399 | D:4      | Reached ** piety under Lugonu
  2573 | D:4      | Found a white marble altar of Elyvilon.
  2593 | D:4      | Noticed Grinder
  2649 | D:4      | Paralysed by Grinder for 5 turns
  2693 | D:5      | Entered Level 5 of the Dungeon
  2742 | D:5      | Reached skill level 1 in Shields
  2938 | D:5      | Gained mutation: You have hoof-like feet. [demonic ancestry]
  2938 | D:5      | Reached XP level 7. HP: 31/58 MP: 8/8
  3100 | D:5      | Reached skill level 5 in Armour
  3423 | D:5      | Found a shattered altar of Ashenzari.
  3559 | D:5      | Reached XP level 8. HP: 41/64 MP: 9/9
  3979 | D:4      | Paralysed by Grinder for 4 turns
  3991 | D:4      | Paralysed by Grinder for 2 turns
  4001 | D:4      | Killed Grinder
  4583 | D:6      | Reached skill level 5 in Invocations
  4597 | D:6      | Reached *** piety under Lugonu
  5040 | D:7      | Gained mutation: When seriously injured, your bleeding wounds create very thick armour. (AC +12) [demonic ancestry]
  5040 | D:7      | Reached XP level 9. HP: 49/69 MP: 14/14
  5071 | D:7      | Noticed Duvessa
  5071 | D:7      | Noticed Dowan
  5078 | D:7      | Killed Dowan
  5078 | D:7      | Reached skill level 5 in Evocations
  5084 | D:7      | Killed Duvessa
  5682 | D:7      | Found a staircase to the Ecumenical Temple.
  6289 | D:8      | Reached **** piety under Lugonu
  6692 | D:9      | Found Riurhes's General Store.
  6762 | D:9      | Found Xugior's Distillery.
  6798 | D:9      | Found Aganwuh's Assorted Antiques.
  6802 | D:9      | Gained mutation: You have hooves in place of feet. [demonic ancestry]
  6802 | D:9      | Reached XP level 10. HP: 68/80 MP: 16/16
  6879 | D:9      | Found a sparkling altar of Nemelex Xobeh.
  6899 | D:9      | Noticed a two-headed ogre
  6927 | D:9      | Killed a two-headed ogre
  7075 | D:9      | Found Xoaptum's Assorted Antiques.
  7222 | D:9      | Found an ornate altar of the Wu Jian Council.
  7249 | D:9      | Found a shimmering altar of Xom.
  7308 | D:9      | Found Besoete's General Store.
  7382 | D:9      | HP: 3/83 [killer bee (5)]
  7383 | D:9      | Reached ***** piety under Lugonu
  7383 | D:9      | Slain by a killer bee

Skill      XL: |  1  2  3  4  5  6  7  8  9 10 |
---------------+-------------------------------+-----
Fighting       | 4 5 6 8 9 |  9.4
Armour         | 3 4 5 |  5.7
Shields        | 2 4 |  4.1
Invocations    | 7 9 |  9.1
Evocations     | 4 6 |  6.6
Axes           | 2 4 |  4.5
Dodging        | |  0.8

Action                   |  1- 3 |  4- 6 |  7- 9 | 10-12 || total
-------------------------+-------+-------+-------+-------++-------
Melee: Hand axe          |   127 |   147 |   450 |    87 ||   811
       Kick              |    14 |    40 |   144 |    36 ||   234
Invok: Depart the Abyss  |     1 |       |       |       ||     1
Evoke: Wand              |       |     4 |    28 |     7 ||    39
  Use: Scroll            |     3 |     5 |     3 |       ||    11
       Potion            |     6 |     4 |     8 |     3 ||    21
  Eat: Ration            |     1 |     1 |     8 |       ||    10
Armor: Leather armour    |    14 |       |       |       ||    14
       Chain mail        |    63 |   131 |   307 |       ||   501
       Plate armour      |       |       |    56 |    56 ||   112
Dodge: Dodged            |    68 |    72 |   200 |    19 ||   359
Block: Buckler           |       |     7 |   130 |    20 ||   157
